 Dungeon Crawl Stone Soup version 0.31.0-12-g77e489cdc1 (webtiles) character file.

Game seed: 8154071617721260051

150 Aldia the Changeling (level 5, 0/39 HPs)
             Began as a Merfolk Shapeshifter on Feb 13, 2024.
             Slain by a goblin
             ... wielding a +0 dagger
             ... led by Robin
              (4 damage)
             ... on level 2 of the Dungeon.
             The game lasted 00:02:02 (955 turns).

Aldia the Changeling (Merfolk Shapeshifter)          Turns: 955, Time: 00:02:03

Health: 0/39       AC:  2    Str: 17    XL:     5   Next: 32%
Magic:  14/14      EV: 13    Int:  9    God:
Gold:   73         SH:  0    Dex: 13    Spells: 4/4 levels left

rFire   . .          .
                       - Unarmed
rCold   . . .        (no shield)
rNeg    . . .        a - +0 animal skin
rPois   .            (helmet currently unavailable)
rElec   .            (cloak currently unavailable)
rCorr   .            (gloves currently unavailable)
SInv    .            (boots currently unavailable)
Will    .....        (no amulet)
Stlth   +            e - ring of magical power
HPRegen 0.26/turn    (no ring)
MPRegen 0.14/turn

%: no passive effects
@: beast-form
A: beast (slay +3), (nimble swimmer 2), mertail
a: Begin Untransformation


You were on level 2 of the Dungeon.
You were a hulking beast.
You visited 1 branch of the dungeon, and saw 2 of its levels.

You collected 73 gold pieces.

Inventory:

Armour
 a - a +0 animal skin (worn)
 l - a +0 cloak
Jewellery
 e - a ring of magical power (left hand)
Talismans
 c - a beast talisman
 d - a flux talisman
 m - a dragon-blood talisman
Scrolls
 f - a scroll of enchant weapon
 g - a scroll of blinking {unknown}
 h - a scroll of identify
 i - a scroll of teleportation {unknown}
 j - a scroll of brand weapon {unknown}
Potions
 b - a potion of might {unknown}


   Skills:
 + Level 2.5 Fighting
 - Level 3.2 Dodging
 * Level 4.8 Unarmed Combat
 * Level 5.2 Shapeshifting


You had 4 spell levels left.
You didn't know any spells.
Your spell library was empty.

Dungeon Overview and Level Annotations

Branches:
Dungeon (2/15)

Altars:

Annotations:
D:2 Robin


Innate Abilities, Weirdness & Mutations

You are a hulking beast.
Your limbs bulge with bestial killing power. (Slay +3)
((You are very nimble when in or above water. (Stealth+, EV+, Speed+++)))
Your lower body shifts to a powerful aquatic tail in water.


Message History

Robin throws the goblin at you! The goblin barely misses you.
The hobgoblin barely misses you.
You hit the goblin.
The goblin is heavily wounded.
The goblin no longer looks unusually strong.
Robin throws the goblin at you! The goblin hits you with a +0 dagger.
The goblin barely misses you. The hobgoblin barely misses you.
The goblin unwields a +3 sling.
The goblin wields a +0 dagger.
The goblin barely misses you.
You barely miss the hobgoblin. You punch the hobgoblin.
You kill the hobgoblin!
Robin roars a battlecry!
The goblin goes into a battle-frenzy!
The goblin hits you with a +0 dagger. The goblin barely misses you.
The goblin closely misses you.
Unknown command.
You closely miss the goblin.
The goblin is heavily wounded.
The goblin barely misses you. The goblin misses you.
The goblin barely misses you.
You punch the goblin!
You kill the goblin!
The goblin misses you. The goblin hits you with a +0 dagger.
* * * LOW HITPOINT WARNING * * *
You hit the goblin.
The goblin is moderately wounded.
Robin throws the goblin at you! The goblin barely misses you.
You punch the goblin!
You kill the goblin!
The goblin barely misses you. Robin hits you but does no damage.
You closely miss the goblin. The goblin hits you with a +0 dagger.
* * * LOW HITPOINT WARNING * * *
Robin misses you.
You hit the goblin. Your punch misses the goblin.
The goblin is moderately wounded.
The goblin closely misses you. Robin completely misses you.
You closely miss the goblin.
The goblin is moderately wounded.
The goblin hits you with a +0 dagger.
You die...

# #..................# ##
#.##...............#
.###.##...............#
..##........(.........# .
......#.......†.......#..
......#........).........
....#.).........>....>.#.
..............#))g.......
..<.#.##......##h)###...
.††.#...##>....##g.)#
...####.######.####.#
...g †...# #.. #... ...
g... ....# #### .....
.....g... ....## .....
........ †....# #...
##....##. .....### #..##
#...... ...#...#
#....#.......


You could see Robin and a goblin (strong).

Vanquished Creatures
  A scorpion (D:2)
  3 adders (D:2)
  A ribbon worm (D:2)
  3 dart slugs
  2 bats
  5 endoplasms
  A giant cockroach (D:1)
  11 goblins
  6 hobgoblins
  2 jackals (D:1)
  3 ball pythons (D:1)
  3 frilled lizards
  4 kobolds
  5 rats (D:1)
50 creatures vanquished.

Notes
Turn   | Place    | Note
-------+----------+-------------------------------------------
     0 | D:1      | Aldia the Merfolk Shapeshifter began the quest for the Orb.
     0 | D:1      | Reached XP level 1. HP: 15/15 MP: 1/1
   197 | D:1      | Reached XP level 2. HP: 19/21 MP: 2/2
   403 | D:1      | Reached XP level 3. HP: 27/27 MP: 3/3
   642 | D:2      | Noticed Robin
   642 | D:2      | Noticed a scorpion
   761 | D:2      | Killed a scorpion
   762 | D:2      | Reached XP level 4. HP: 33/33 MP: 4/4
   798 | D:2      | Reached skill level 5 in Shapeshifting
   809 | D:2      | Reached XP level 5. HP: 25/39 MP: 5/5
   955 | D:2      | Slain by a goblin

Illustrated notes

Levels and vault maps discovered:
D:1:      shiori_arrival_elements, layout_basic
D:2:      layout_rooms, shapermc_ecumenical_altar_mp_urbaneastern, uniq_robin

Skill      XL: |  1  2  3  4 |
---------------+-------------+-----
Dodging        | 3 |  3.2
Unarmed Combat | 4 |  4.8
Fighting       | 2 |  2.5
Shapeshifting  | 5 |  5.2

Action                     |  1- 3 |  4- 6 || total
---------------------------+-------+-------++-------
  Melee: Unarmed           |    68 |    59 ||   127
         Punch             |     1 |     3 ||     4
    Use: Scroll            |     2 |       ||     2
         Potion            |     1 |     1 ||     2
   Stab: Sleeping          |     1 |       ||     1
 Armour: Animal skin       |    29 |    32 ||    61
         Skin              |     3 |       ||     3
  Dodge: Dodged            |    32 |    49 ||    81
